 Dungeon Crawl Stone Soup version 0.31-a0-236-g9a0961fb85 (webtiles) character file.

Game seed: 7637015478114847091

113 qw the Shooter (level 4, -6/36 HPs)
             Began as a Minotaur Hexslinger on July 10, 2023.
             Mangled by a gnoll
             ... wielding a +0 flail
              (9 damage)
             ... on level 3 of the Dungeon.
             The game lasted 00:00:40 (1976 turns).

qw the Shooter (Minotaur Hexslinger)                Turns: 1976, Time: 00:00:40

Health: -6/36      AC:  5    Str: 12    XL:     4   Next: 65%
Magic:  0/4        EV: 11    Int: 10    God:
Gold:   115        SH:  0    Dex: 15    Spells: 4/5 levels left

rFire   . . .        Y - +1 sling
rCold   . . .        (no shield)
rNeg    . . .        e - +0 ring mail
rPois   .            (helmet restricted)
rElec   .            (no cloak)
rCorr   .            (no gloves)
SInv    .            (no boots)
Will    .....        j - amulet of guardian spirit
Stlth   +            (no ring)
HPRegen 0.26/turn    (no ring)
MPRegen 0.09/turn

%: guardian spirit
@: no status effects
A: horns 2, retaliatory headbutt
a: no special abilities


You were on level 3 of the Dungeon.
You visited 1 branch of the dungeon, and saw 3 of its levels.

You collected 115 gold pieces.


Innate Abilities, Weirdness & Mutations

You have a pair of horns on your head.
You reflexively headbutt those who attack you in melee.


   Skills:
 - Level 2.0 Fighting
 + Level 4.7 Ranged Weapons
 - Level 2.1 Armour
 - Level 2.1 Dodging
 - Level 1.0 Spellcasting
 - Level 2.0 Hexes


You had 4 spell levels left.
You knew the following spells:

 Your Spells              Type           Power      Damage    Failure   Level
a - Slow                  Hex            16%        N/A       32%         1

Your spell library contained the following spells:

 Spells                   Type           Power      Damage    Failure   Level
 Inner Flame              Hex/Fire       2%         N/A       83%         3
 Portal Projectile        Hex/Tloc       4%         N/A       83%         3
 Cause Fear               Hex            2%         N/A       97%         4

Inventory:

Hand Weapons
 Y - a +1 sling (weapon)
Armour
 e - a +0 ring mail (worn)
Jewellery
 j - an amulet of guardian spirit (around neck)
Wands
 a - a wand of digging (4)
Scrolls
 b - a scroll of butterflies {unknown}
 c - a scroll of identify
 i - a scroll of enchant weapon {unknown}
Potions
 d - a potion of degeneration {unknown}
 f - 2 potions of curing {unknown}
 g - a potion of enlightenment
 h - a potion of heal wounds {unknown}

Dungeon Overview and Level Annotations

Branches:
Dungeon (3/15)

Altars:


Message History

You shoot a sling bullet. The sling bullet hits the gnoll.
The gnoll is almost dead.
The gnoll barely misses you.
You shoot a sling bullet.
The sling bullet hits the gnoll but does no damage.
The gnoll is almost dead.
The gnoll hits you with a +0 mace!
You shoot a sling bullet.
The sling bullet barely misses the gnoll.
The gnoll barely misses you.
A gnoll comes into view. It is wielding a +0 whip.
You shoot a sling bullet. The gnoll shouts!
The sling bullet hits the gnoll but does no damage.
The gnoll is almost dead.
You hear a shout!
The gnoll hits you with a +0 mace. The gnoll closely misses you.
You shoot a sling bullet. The sling bullet hits the gnoll.
You kill the gnoll!
The gnoll hits you with a +0 flail.
You shoot a sling bullet.
The sling bullet barely misses the gnoll.
The gnoll completely misses you.
The gnoll hits you but does no damage. x2
The gnoll hits you with a +0 whip.
You shoot a sling bullet. The sling bullet hits the gnoll.
The gnoll is moderately wounded.
The gnoll hits you but does no damage. The gnoll hits you with a +0 flail.
The gnoll hits you with a +0 whip.
You shoot a sling bullet. The sling bullet hits the gnoll.
The gnoll is moderately wounded.
The gnoll hits you with a +0 flail. The gnoll closely misses you.
The gnoll hits you with a +0 whip.
You shoot a sling bullet.
The sling bullet closely misses the gnoll.
The gnoll barely misses you. You furiously retaliate!
You headbutt the gnoll. The gnoll hits you with a +0 flail!
You shoot a sling bullet. The sling bullet hits the gnoll.
The gnoll is severely wounded.
The gnoll hits you with a +0 flail!
You die...

....#.#####.#%#####....
#....#.# #.#.# #....
#... #.# #.#.#####....
#... #. #.#..........
#.. #.#####+#######....
#... #..................
.....#..................
......ggg............#.#
#@g............#.#
#..............#.#
#..............#.#
#..............#.#
####...........#.#
#...........#.#
#############.. ### #


You could see 4 gnolls.

Vanquished Creatures
  Natasha (twice) (D:3)
  A gnoll (D:3)
  3 worms (D:3)
  A dart slug (D:1)
  3 ball pythons
  3 endoplasms
  3 giant cockroaches (D:1)
  4 goblins
  6 hobgoblins
  4 kobolds
  5 bats
  4 frilled lizards
  3 rats
42 creatures vanquished.

Notes
Turn   | Place    | Note
-------+----------+-------------------------------------------
     0 | D:1      | qw the Minotaur Hexslinger began the quest for the Orb.
     0 | D:1      | Reached XP level 1. HP: 16/16 MP: 1/1
     0 | D:1      | 0 ||| qw: Version: 0.3-a-52-g30416fa
     0 | D:1      | 0 ||| qw: Game counter: 4697
     0 | D:1      | 0 ||| qw: Melee chars always use a shield: true
     0 | D:1      | 0 ||| qw: God list: Okawaru
     0 | D:1      | 0 ||| qw: Allow faded altars: false
     0 | D:1      | 0 ||| qw: Do Orc after clearing Dungeon:15 true
     0 | D:1      | 0 ||| qw: Do second Lair branch before Depths: true
     0 | D:1      | 0 ||| qw: Lair rune preference: random
     0 | D:1      | 0 ||| qw: Goals: Normal
     0 | D:1      | 0 ||| PLANNING D:1-11
    78 | D:1      | Reached skill level 3 in Ranged Weapons
    78 | D:1      | Reached XP level 2. HP: 23/23 MP: 2/2
   536 | D:1      | 536 ||| UPGRADING to +0 ring mail.
   546 | D:1      | 546 ||| DROPPING +0 robe.
   547 | D:1      | 547 ||| DROPPING scroll of poison.
   738 | D:2      | Reached XP level 3. HP: 29/29 MP: 3/3
  1333 | D:2      | 1333 ||| UPGRADING to amulet of guardian spirit.
  1338 | D:2      | 1338 ||| READING 3 scrolls labelled CYPLIE GEUM.
  1339 | D:2      | 1339 ||| READING scroll labelled SEM SETONLIANU.
  1340 | D:2      | 1340 ||| READING 3 scrolls labelled YPTAGI XOOSASA.
  1388 | D:2      | 1388 ||| DRINKING 2 black potions.
  1389 | D:2      | 1389 ||| DROPPING 2 scrolls of vulnerability.
  1390 | D:2      | 1390 ||| DROPPING 2 scrolls of torment.
  1492 | D:3      | Reached skill level 4 in Ranged Weapons
  1617 | D:3      | Noticed Natasha
  1626 | D:3      | Killed Natasha
  1627 | D:3      | Reached XP level 4. HP: 27/36 MP: 2/4
  1708 | D:3      | Noticed Natasha
  1721 | D:3      | Killed Natasha
  1974 | D:3      | HP: 8/36 [gnoll/+0 whip (2)]
  1975 | D:3      | HP: 3/36 [gnoll/+0 flail (6)]
  1976 | D:3      | Mangled by a gnoll

Levels and vault maps discovered:
D:1:      dpeg_arrival_tiny_c, layout_rooms, minmay_crystal_water
D:2:      layout_loops_corners, st_stairs_1, chequers_garden,
          dreamdust_mushroom_princess, minmay_3d_cube
D:3:      layout_basic, uniq_natasha

Skill      XL: |  1  2  3 |
---------------+----------+-----
Ranged Weapons | 3 4 |  4.7
Fighting       | 2 |  2.0
Armour         | 2 |  2.1
Dodging        | |  2.1
Spellcasting   | |  1.0
Hexes          | |  2.0

Action                     |  1- 3 |  4- 6 || total
---------------------------+-------+-------++-------
   Fire: Sling             |   103 |    50 ||   153
    Use: Scroll            |     3 |       ||     3
         Potion            |     1 |       ||     1
 Armour: Robe              |     3 |       ||     3
         Ring mail         |     3 |     6 ||     9
  Dodge: Dodged            |    25 |    24 ||    49

Table legend:
 A = Non-vault XP
 B = Vault XP
 C = Vault XP percentage of total XP
 D = Non-vault monster count
 E = Vault monster count
 F = Vault count percentage of total count
                 A         B        C        D         E       F
            +---------+---------+-------+---------+---------+-------
      Total |     120 |      42 |  25.9 |      37 |       5 |  11.9
            +---------+---------+-------+---------+---------+-------
        D:1 |      31 |       0 |   0.0 |      18 |       0 |   0.0
        D:2 |      16 |       7 |  30.4 |       9 |       4 |  30.8
        D:3 |      73 |      35 |  32.4 |      10 |       1 |   9.1
            +---------+---------+-------+---------+---------+-------
